 Dungeon Crawl Stone Soup version 0.28-a0-1638-g9123634e07 (webtiles) character file.

Game seed: 8093509303681319830

107 hashsling the Gusty (level 4, -2/24 HPs)
             Began as a Tengu Air Elementalist on Jan 25, 2022.
             Slain by Crazy Yiuf (7 damage)
             ... on level 3 of the Dungeon.
             The game lasted 00:05:36 (3128 turns).

hashsling the Gusty (Tengu Air Elementalist)        Turns: 3128, Time: 00:05:37

Health: -2/24      AC:  6    Str:  8    XL:     4   Next: 86%
Magic:  0/8        EV: 13    Int: 18    God:
Gold:   74         SH:  5    Dex: 20    Spells: 1/7 levels left

rFire   . . .      SeeInvis .   t - +0 battleaxe
rCold   . . .      Faith    .   (shield currently unavailable)
rNeg    . . .      Spirit   .   a - +0 robe
rPois   .          Reflect  +   (helmet restricted)
rElec   .          Harm     .   (no cloak)
rCorr   .          Rampage  .   (no gloves)
Will    .....                   (boots unavailable)
Stlth   ++........              m - amulet of reflection
HPRegen 0.08/turn               h - +4 ring of protection
MPRegen 0.11/turn               q - +6 ring of dexterity

@: swift, very quick
A: beak, talons 3
a: no special abilities


You were on level 3 of the Dungeon.
You visited 1 branch of the dungeon, and saw 3 of its levels.

You collected 74 gold pieces.

Inventory:

Hand Weapons
 t - a +0 battleaxe (weapon)
Armour
 a - a +0 robe (worn)
Jewellery
 h - a +4 ring of protection (left hand)
 m - an amulet of reflection (around neck)
 q - a +6 ring of dexterity (right hand)
Wands
 p - a wand of polymorph (8)
Scrolls
 b - a scroll of immolation {unknown}
 f - a scroll of identify {unknown}
 j - a scroll of summoning {unknown}
 n - a scroll of enchant armour {unknown}
 o - a scroll of enchant weapon {unknown}
 s - a scroll of teleportation {unknown}
Potions
 c - a potion of flight {unknown}
 d - a potion of invisibility {unknown}
 e - a potion of mutation {unknown}
 g - a potion of degeneration {unknown}
 i - 2 potions of berserk rage {unknown}
 k - a potion of might {unknown}
 l - a potion of curing {unknown}
 r - 2 potions of brilliance {unknown}


   Skills:
 + Level 3.0 Dodging
 - Level 2.0 Stealth
 + Level 2.4 Spellcasting
 * Level 3.5 Conjurations
 * Level 5.3 Air Magic


You had one spell level left.
You knew the following spells:

 Your Spells              Type           Power      Damage    Failure   Level
a - Shock                 Conj/Air       72%        1d7       2%          1
b - Static Discharge      Conj/Air       18%        N/A       4%          2
c - Swiftness             Air            21%        N/A       6%          3

Your spell library contained the following spells:

 Spells                   Type           Power      Damage    Failure   Level
 Magic Dart               Conj           60%        1d6       4%          1
 Mephitic Cloud           Conj/Pois/Air  12%        N/A       16%         3
 Airstrike                Air            10%        N/A       19%         4
 Call Imp                 Summ           2%         N/A       26%         2


Dungeon Overview and Level Annotations

Branches:
Dungeon (3/15)

Altars:
Qazlal

Annotations:
D:3 Crazy Yiuf


Innate Abilities, Weirdness & Mutations

You have a beak for a mouth.
You have claws for feet.


Message History

A frilled lizard comes into view.
The zap hits the frilled lizard.
You kill the frilled lizard!
Found a hand axe.
You see here a +0 hand axe.
There is a stone staircase leading up here.
Found a mace.
Found a runed translucent door.
Crazy Yiuf shouts!
There is an open door here.
Crazy Yiuf sings, "Trees, trees, trees, circus!"
Casting: Shock (safe; 2% risk of failure)
Confirm with . or Enter, or press ? or * to list all spells.
The spell is quite dangerous to miscast (6% risk of failure)!
Continue anyway?
You feel quick.
You open the door.
Casting: Swiftness (quite dangerous; 6% risk of failure)
Confirm with . or Enter, or press ? or * to list all spells.
Crazy Yiuf is struck by an arc of lightning.
Crazy Yiuf is moderately wounded.
You are struck by an arc of lightning.
The lightning grounds out.
Crazy Yiuf barely misses you.
Casting: Static Discharge (safe; 4% risk of failure)
Confirm with . or Enter, or press ? or * to list all spells.
Crazy Yiuf is struck by an arc of lightning!
Crazy Yiuf is severely wounded.
You are struck by an arc of lightning.
The lightning grounds out.
You block Crazy Yiuf's attack.
Casting: Static Discharge (safe; 4% risk of failure)
Confirm with . or Enter, or press ? or * to list all spells.
Aiming: Shock (safe; 2% risk of failure)
Press: ? - help, Shift-Dir - straight line, f - Crazy Yiuf
Aim: Crazy Yiuf, wielding a +3 quarterstaff of chaos and wearing a +0 cloak (severely wounded, 75% to hit)
The zap hits Crazy Yiuf.
Crazy Yiuf is almost dead.
Crazy Yiuf yells, "Lay!
Millenium sow sing-song."
Crazy Yiuf hits you with a +3 quarterstaff of chaos!
Ouch! That really hurt!
* * * LOW HITPOINT WARNING * * *
Crazy Yiuf freezes you!
You die...

#.##...#.................>.......
#..###...[.###########....####..#
##..####...# #..#..####.. ##..#
##..# ##### #......###.[ ##.##
#..# #..)# #.......#..# #
#..###..# #...# #.......#.##
#####......# ... #.........##
.....#.....# #g# #.........##
###.....)..# ##@# #.........##
..#.....#..# #.## #.....†...##
#.....)....# ##.# #......##.##
...##..###.# #.## #.......#...
#..###..##.# ##.## #.>.........
........##.# #...## #.......##..
....)...##.# #....# #.......##.#
...........# #....# #.......##.#
.......###.###....####......###.#


You could see Crazy Yiuf.

Vanquished Creatures
  4 adders (D:2)
  A worm (D:3)
  2 dart slugs (D:3)
  An orc (D:3)
  5 bats
  6 endoplasms
  4 giant cockroaches
  3 goblins
  9 hobgoblins
  2 jackals (D:3)
  11 kobolds
  A quokka (D:3)
  3 ball pythons
  4 frilled lizards
  2 rats (D:1)
58 creatures vanquished.

Notes
Turn   | Place    | Note
-------+----------+-------------------------------------------
     0 | D:1      | hashsling the Tengu Air Elementalist began the quest for
                  | the Orb.
     0 | D:1      | Reached XP level 1. HP: 10/10 MP: 4/4
   270 | D:1      | Reached XP level 2. HP: 15/15 MP: 1/6
   325 | D:1      | Learned a level 2 spell: Static Discharge
  1271 | D:2      | Reached XP level 3. HP: 19/19 MP: 4/7
  1425 | D:2      | Learned a level 3 spell: Swiftness
  1621 | D:2      | Found a faded altar of an unknown god.
  1866 | D:2      | Reached XP level 4. HP: 24/24 MP: 0/8
  2029 | D:2      | Reached skill level 5 in Air Magic
  2514 | D:3      | Found a stormy altar of Qazlal.
  3042 | D:3      | Found a runed translucent door.
  3043 | D:3      | Noticed Crazy Yiuf
  3128 | D:3      | Slain by Crazy Yiuf

Illustrated notes

Levels and vault maps discovered:
D:1:      wander_arrival_lonely_grave, layout_loops_ring, roderic_lattice_a,
          minmay_quantized
D:2:      layout_basic, chequers_ecumenical_altar_simple_redux, chequers_jeans
D:3:      layout_rooms, general_overflow_altar, minivault_24,
          uniq_crazy_yiuf_cottage

Skill      XL: |  1  2  3  4 |
---------------+-------------+-----
Conjurations   | 2 3 |  3.5
Air Magic      | 5 |  5.3
Dodging        | 3 |  3.0
Stealth        | |  2.0
Spellcasting   | |  2.4

Action                   |  1- 3 |  4- 6 || total
-------------------------+-------+-------++-------
Melee: Dagger            |     5 |       ||     5
       Kick              |     5 |     3 ||     8
       Peck              |     5 |       ||     5
       Short sword       |    15 |    11 ||    26
       Punch             |     1 |       ||     1
 Cast: Shock             |    71 |    50 ||   121
       Static Discharge  |       |     2 ||     2
       Swiftness         |       |     1 ||     1
Armor: Robe              |    10 |     4 ||    14
Dodge: Dodged            |    26 |     5 ||    31
Block: Other             |     1 |     4 ||     5

Table legend: (Time is in decaauts)
 A = Elapsed time spent in this place.
 B = Non-inter-level travel time spent in this place.
 C = Inter-level travel time spent in this place.
 D = Time resting spent in this place.
 E = Time spent auto-exploring this place.
 F = Levels seen in this place.
 G = Mean time per level.
                   A        B        C        D        E       F      G
               +--------+--------+--------+--------+--------+-----+--------+
         Total |   3127 |   3062 |     65 |      0 |   2756 |   3 | 1042.3 |
       Dungeon |   3127 |   3062 |     65 |      0 |   2756 |   3 | 1042.3 |
               +--------+--------+--------+--------+--------+-----+--------+

Top non-repeatable levels by time:
     D:1: 1187 daAuts
     D:2: 1039 daAuts
     D:3: 900 daAuts
